 Dungeon Crawl Stone Soup version 0.30-b1-2-g02819fbbbe (webtiles) character file.

Game seed: 3270431960719654876

20 Flugkiller the Shield-Bearer (level 2, 27/27 HPs)
             Began as a Minotaur Fighter on May 8, 2023.
             Was a Follower of Fedhas.
             Quit the game on level 1 of the Dungeon.
             The game lasted 00:00:13 (251 turns).

Flugkiller the Shield-Bearer (Minotaur Fighter)      Turns: 251, Time: 00:00:13

Health: 27/27      AC:  7    Str: 20    XL:     2   Next: 58%
Magic:  1/1        EV:  9    Int:  5    God:    Fedhas [*.....]
Gold:   16         SH:  4    Dex:  9    Spells: 1/1 levels left

rFire   . . .        a - +0 war axe
rCold   . . .        c - +0 buckler
rNeg    . . .        b - +0 scale mail
rPois   .            (helmet restricted)
rElec   .            (no cloak)
rCorr   .            (no gloves)
SInv    .            (no boots)
Will    .....        (no amulet) Stlth
                     (no ring)
HPRegen 0.24/turn    (no ring)
MPRegen 0.07/turn

%: no passive effects
@: no status effects
A: horns 2, retaliatory headbutt
a: Renounce Religion


You were on level 1 of the Dungeon.
You worshipped Fedhas.
Fedhas was aware of your devotion.
You visited 1 branch of the dungeon, and saw 1 of its levels.

You collected 16 gold pieces.

Inventory:

Hand Weapons
 a - a +0 war axe (weapon)
Armour
 b - a +0 scale mail (worn)
 c - a +0 buckler (worn)
Scrolls
 e - 2 scrolls of identify {unknown}
 i - a scroll of immolation {unknown}
Potions
 d - a potion of might
 f - a potion of curing {unknown}
 g - a potion of mutation {unknown}
 h - a potion of brilliance {unknown}
 j - a potion of lignification {unknown}


   Skills:
 + Level 3.9 Fighting
 * Level 3.1 Axes
 + Level 3.9 Armour
 + Level 3.9 Shields


You had one spell level left.
You didn't know any spells.
Your spell library was empty.

Dungeon Overview and Level Annotations

Branches:
Dungeon (1/15)

Altars:
Fedhas


Innate Abilities, Weirdness & Mutations

You have a pair of horns on your head.
You reflexively headbutt those who attack you in melee.


Message History

The endoplasm freezes you.
You are frozen.
You slash the endoplasm!
You kill the endoplasm!
No target in view!
No target in view!
No target in view!
No target in view!
A hobgoblin comes into view.
The hobgoblin shouts!
A hobgoblin is nearby!
A hobgoblin is nearby!
A ball python comes into view.
Found 6 stones.
Found a stone staircase leading down.
The ball python hisses angrily.
You hear a shout!
The ball python closely misses you. The ball python barely misses you.
A goblin comes into view. It is wielding a +0 club.
The hobgoblin hits you.
The ball python bites you but does no damage.
The ball python grabs you. The ball python constricts you.
The goblin shouts!
You closely miss the ball python. Your headbutt misses the ball python.
You barely miss the hobgoblin.
A hobgoblin comes into view.
The hobgoblin hits you but does no damage.
The ball python bites you but does no damage.
The ball python constricts you.
The hobgoblin hits you but does no damage.
You closely miss the ball python. Your headbutt misses the ball python.
You closely miss the hobgoblin. The ball python barely misses you.
The ball python constricts you. The hobgoblin hits you.
The ball python barely misses you. The ball python constricts you.
You slash the ball python!
You kill the ball python!
You hit the hobgoblin.
The hobgoblin hits you but does no damage.
The hobgoblin barely misses you. The goblin misses you.
You slash the hobgoblin!
You kill the hobgoblin!
You hit the goblin. The goblin hits you but does no damage.
Your Axes skill increases to level 3!
You slash the goblin!
You kill the goblin!
You closely miss the hobgoblin. The hobgoblin barely misses you.
The hobgoblin hits you.
A hobgoblin is nearby!
A hobgoblin is nearby!
You slash the hobgoblin!
You kill the hobgoblin!
No target in view!
No target in view!
No target in view!
Things that are here:
a +0 club; a hobgoblin corpse A hobgoblin comes into view.
A hobgoblin is nearby!
A hobgoblin is nearby!
Found a leather armour.
The hobgoblin hits you but does no damage.
You hit the hobgoblin. Your headbutt misses the hobgoblin.
The hobgoblin is almost dead.
You block the hobgoblin's attack.
You slash the hobgoblin!
You kill the hobgoblin!
No target in view!
No target in view!
No target in view!
No target in view!
A hobgoblin comes into view.
Found a faded altar of an unknown god.
The hobgoblin shouts!
You hear a shout!
A hobgoblin is nearby!
A hobgoblin is nearby!
A goblin comes into view. It is wielding a +0 dagger.
Found a short sword.
You block the hobgoblin's attack.
You barely miss the hobgoblin. You headbutt the hobgoblin.
You kill the hobgoblin!
Found a chain mail.
You block the goblin's attack.
You barely miss the goblin.
The goblin hits you but does no damage. x2
You hit the goblin but do no damage. The goblin closely misses you.
You furiously retaliate!
You headbutt the goblin.
You kill the goblin!
No target in view!
No target in view!
No target in view!
No target in view!
No target in view!
No target in view!
No target in view!
You now have 16 gold pieces (gained 3).
There is a shaft here.
There is a faded altar of an unknown god here.
This altar belongs to (a) Cheibriados, (b) Trog or (c) Fedhas, but you can't tell which.
Press the corresponding letter to learn more about a god, or press enter to convert or escape to cancel.
Okay, then.
This altar belongs to (a) Cheibriados, (b) Trog or (c) Fedhas, but you can't tell which.
Press the corresponding letter to learn more about a god, or press enter to convert or escape to cancel.
Fedhas accepts your prayer! Fedhas welcomes you!
The plants of the dungeon cease their hostilities.
Are you sure you want to abandon this character and quit the game? (Confirm with "yes".)

#.....#.......##
#.....#...#####
#..).#.### #
##.†..#...######
#.....#.......##
#.....#.........
#.....###....###
####.....##.....##
#@^.......####.##
####........####
##......#.[#
########.## ###.#
#...#
...#####.#######
................
....############


There were no monsters in sight!

Vanquished Creatures
  An endoplasm (D:1)
  3 goblins (D:1)
  6 hobgoblins (D:1)
  4 jackals (D:1)
  A ball python (D:1)
15 creatures vanquished.

Notes
Turn   | Place    | Note
-------+----------+-------------------------------------------
     0 | D:1      | Flugkiller the Minotaur Fighter began the quest for the
                  | Orb.
     0 | D:1      | Reached XP level 1. HP: 19/19 MP: 0/0
    85 | D:1      | Reached XP level 2. HP: 20/27 MP: 1/1
   233 | D:1      | Found a faded altar of an unknown god.
   250 | D:1      | Prayed at the altar of an unknown god.
   250 | D:1      | Became a worshipper of Fedhas Madash
   250 | D:1      | Reached * piety under Fedhas
   251 | D:1      | Quit the game

Illustrated notes

Levels and vault maps discovered:
D:1:      dpeg_arrival_arbitrary_a, layout_rooms,
          hellmonk_ecumenical_altar_leap_of_faith

Skill      XL: |  1  2 |
---------------+-------+-----
Axes           | 3 |  3.1
Fighting       | |  3.9
Armour         | |  3.9
Shields        | |  3.9

Action                     || total
---------------------------++-------
  Melee: War axe           ||    33
         Headbutt          ||     4
 Armour: Scale mail        ||    21
  Dodge: Dodged            ||    23
  Block: Buckler           ||    13
